 Dungeon Crawl Stone Soup version 0.31-a0-182-gc5ef74bbde (webtiles) character file.

Game seed: 7656795342048001423

87 qw the Chopper (level 4, -2/28 HPs)
             Began as a Gargoyle Fighter on June 20, 2023.
             Slain by a gnoll sergeant
             ... wielding a +0 spear
              (3 damage)
             ... on level 2 of the Dungeon.
             The game lasted 00:00:40 (1334 turns).

qw the Chopper (Gargoyle Fighter)                   Turns: 1334, Time: 00:00:41

Health: -2/28      AC: 10    Str: 27    XL:     4   Next: 51%
Magic:  4/4        EV:  9    Int:  9    God:
Gold:   70         SH:  4    Dex:  9    Spells: 3/3 levels left

rFire   . . .        Y - +0 war axe (chaos)
rCold   . . .        c - +0 buckler
rNeg    + . .        b - +0 scale mail
rPois   inf          (no helmet)
rElec   +            (no cloak)
rCorr   .            (no gloves)
SInv    .            (no boots)
Will    .....        (no amulet) Stlth
                     f - +6 ring of strength
HPRegen 0.24/turn    (no ring)
MPRegen 0.09/turn

%: no passive effects
@: no status effects
A: sickness immunity, AC +3, negative energy resistance 1, electricity
resistance, torment resistance 1, petrification resistance
a: no special abilities


You were on level 2 of the Dungeon.
You visited 1 branch of the dungeon, and saw 2 of its levels.

You collected 70 gold pieces.


Innate Abilities, Weirdness & Mutations

You are immune to sickness and miasma.
Your stone body is resilient. (AC +3)
You are immune to poison.
You resist negative energy. (rN+)
You are resistant to electric shocks. (rElec)
You are resistant to unholy torment.
You are immune to petrification.


   Skills:
 - Level 3.2 Fighting
 + Level 4.2 Axes
 - Level 3.2 Armour
 - Level 3.2 Shields


You had 3 spell levels left.
You didn't know any spells.
Your spell library was empty.

Inventory:

Hand Weapons
 g - a +0 whip
 Y - a +0 war axe of chaos (weapon)
Armour
 b - a +0 scale mail (worn)
 c - a +0 buckler (worn)
Jewellery
 f - a +6 ring of strength (left hand)
Scrolls
 a - 3 scrolls of identify {unknown}
 h - a scroll of blinking {unknown}
Potions
 d - a potion of might
 e - a potion of cancellation {unknown}
 i - a potion of curing {unknown}
 l - a potion of heal wounds {unknown}

Dungeon Overview and Level Annotations

Branches:
Dungeon (2/15)

Altars:


Message History

You slash the gnoll! You burn the gnoll.
You kill the gnoll!
You barely miss the gnoll. The gnoll hits you with a +0 club.
The gnoll hits you from afar with a +0 halberd!
The gnoll barely misses you.
The gnoll hits you from afar with a +0 halberd.
You slash the gnoll!
The gnoll looks as sick as possible!
The gnoll is almost dead.
You kill the gnoll!
The gnoll barely misses you.
Your Axes skill increases to level 4!
A gnoll comes into view. It is wielding a +0 halberd.
The gnoll shouts!
A gnoll sergeant comes into view.
It is wielding a +0 spear and wearing a +2 kite shield of protection.
Things that are here:
a +0 club; a +0 spear
Enter note:
Enter note:
Enter note:
Enter note:
Enter note:
Enter note: The gnoll sergeant shouts!
You hit the gnoll.
The gnoll is poisoned.
The gnoll is lightly wounded.
The gnoll hits you with a +0 halberd.
You barely miss the gnoll.
The gnoll is moderately wounded.
You block the gnoll's attack. x2
You barely miss the gnoll.
The gnoll is moderately wounded.
The gnoll hits you but does no damage.
You slash the gnoll!
You kill the gnoll!
You block the gnoll's attack.
A gnoll comes into view. It is wielding a +0 spear.
The gnoll hits you with a +0 halberd!
The gnoll sergeant hits you with a +0 spear.
You die...

#.###..# #.##..##7
..... 7 ####....###7.
g... .7
..>.......#7.###'###.7
....#######7........)7
...######## 7..7....7
..........# 7)..7.7
..........## 7.gg..7
......)....## 7.@.7
............##7.))7
....)........#77.77
.............# 7.7
...).........# #.#
...)........## #.#
...........#####.#
....##........<..#
..#####.........##


You could see a gnoll sergeant and 2 gnolls.

Vanquished Creatures
  4 gnolls (D:2)
  An adder (D:2)
  A dart slug (D:1)
  3 endoplasms
  3 giant cockroaches
  3 goblins (D:1)
  3 hobgoblins (D:2)
  A quokka (D:1)
  4 ball pythons (D:2)
  6 bats
  A frilled lizard (D:1)
  5 kobolds
  5 rats
40 creatures vanquished.

Notes
Turn   | Place    | Note
-------+----------+-------------------------------------------
     0 | D:1      | qw the Gargoyle Fighter began the quest for the Orb.
     0 | D:1      | Reached XP level 1. HP: 14/14 MP: 1/1
     0 | D:1      | 0 ||| qw: Version: 0.3-a-9-g12657ce
     0 | D:1      | 0 ||| qw: Game counter: 1362
     0 | D:1      | 0 ||| qw: Always use a shield: true
     0 | D:1      | 0 ||| qw: God list: Okawaru
     0 | D:1      | 0 ||| qw: Allow faded altars: false
     0 | D:1      | 0 ||| qw: Do Orc after D:15 true
     0 | D:1      | 0 ||| qw: Do second Lair branch before Depths: true
     0 | D:1      | 0 ||| qw: Lair rune preference: random
     0 | D:1      | 0 ||| qw: Plans: Normal, Zot:1-4, Slime:5, God:TSO, Crypt,
                  | Tomb, Abyss, Pan, Hells, Win
     0 | D:1      | 0 ||| PLANNING D:1-11
    54 | D:1      | Reached skill level 2 in Axes
   178 | D:1      | Reached XP level 2. HP: 18/19 MP: 2/2
   305 | D:1      | 305 ||| Stepping ~*~*~tactically~*~*~ (hiding).
   307 | D:1      | 307 ||| Stepping ~*~*~tactically~*~*~ (hiding).
   853 | D:1      | 853 ||| UPGRADING to +6 ring of strength.
   854 | D:1      | 854 ||| READING scroll labelled NYUFI ICHUDI.
   867 | D:1      | 867 ||| READING scroll labelled OLLATZ NICER.
   868 | D:1      | 868 ||| READING scroll labelled XUABLI CUIB.
   869 | D:1      | 869 ||| READING scroll labelled JIOSHRISSYAQ.
   895 | D:2      | Reached skill level 3 in Axes
   912 | D:2      | 912 ||| Stepping ~*~*~tactically~*~*~ (stealth).
   921 | D:2      | Reached XP level 3. HP: 23/23 MP: 3/3
   962 | D:2      | 962 ||| DROPPING +0 club.
  1140 | D:2      | 1140 ||| Stepping ~*~*~tactically~*~*~ (stealth).
  1141 | D:2      | 1141 ||| Stepping ~*~*~tactically~*~*~ (stealth).
  1172 | D:2      | 1172 ||| Stepping ~*~*~tactically~*~*~ (stealth).
  1325 | D:2      | Reached XP level 4. HP: 28/28 MP: 4/4
  1327 | D:2      | HP: 7/28 [gnoll/+0 halberd (4)]
  1329 | D:2      | Reached skill level 4 in Axes
  1329 | D:2      | Noticed a gnoll sergeant
  1334 | D:2      | HP: 1/28 [gnoll/+0 halberd (7)]
  1334 | D:2      | Slain by a gnoll sergeant

Levels and vault maps discovered:
D:1:      nicolae_arrival_washed_ashore, layout_basic, minmay_pentomino_p2
D:2:      layout_rooms, serial_bayou_ford_a, pf_guarded_unrand_woodcutter

Skill      XL: |  1  2  3  4 |
---------------+-------------+-----
Axes           | 2 3 4 |  4.2
Fighting       | |  3.2
Armour         | |  3.2
Shields        | |  3.2

Action                     |  1- 3 |  4- 6 || total
---------------------------+-------+-------++-------
  Melee: War axe           |    99 |     8 ||   107
  Throw: Boomerang         |     2 |       ||     2
    Use: Scroll            |     4 |       ||     4
 Armour: Scale mail        |    55 |     2 ||    57
  Dodge: Dodged            |    41 |     2 ||    43
  Block: Buckler           |    16 |     5 ||    21

Table legend:
 A = Non-vault XP
 B = Vault XP
 C = Vault XP percentage of total XP
 D = Non-vault monster count
 E = Vault monster count
 F = Vault count percentage of total count
                 A         B        C        D         E       F
            +---------+---------+-------+---------+---------+-------
      Total |      65 |      60 |  48.0 |      34 |       6 |  15.0
            +---------+---------+-------+---------+---------+-------
        D:1 |      26 |       3 |  10.3 |      16 |       2 |  11.1
        D:2 |      39 |      57 |  59.4 |      18 |       4 |  18.2
            +---------+---------+-------+---------+---------+-------
